 Dungeon Crawl Stone Soup version 0.30-a0-1059-g7dea3e163d (console) character file.

Game seed: 1589288342538060827

669 Kenran the Carver (level 7, -15/61 HPs)
             Began as a Minotaur Brigand on Apr 12, 2023.
             Demolished by Pikel
             ... wielding a +2 whip of electrocution
              (17 damage)
             ... on level 4 of the Dungeon.
             The game lasted 00:15:44 (3668 turns).

Kenran the Carver (Minotaur Brigand)                Turns: 3668, Time: 00:15:45

Health: -15/61     AC:  6    Str: 12 (15) XL:     7   Next: 32%
Magic:  6/6        EV: 10    Int:  8 (11) God:
Gold:   216        SH:  0    Dex: 12 (15) Spells: 6/6 levels left

rFire   . . .      SeeInvis .    b - +0 long sword (venom)
rCold   . . .      Faith    .    (no shield)
rNeg    . . .      Spirit   .    a - +0 ring mail
rPois   .          Reflect  .    (helmet restricted)
rElec   .          Rampage  .    c - +0 cloak
rCorr   .                        (no gloves)
Will    .....                    (no boots)
Stlth   ++                       (no amulet)
HPRegen 0.30/turn                h - +4 ring of slaying
MPRegen 0.10/turn                (no ring)

@: no status effects
A: horns 2, retaliatory headbutt, agile 1, clever 1
a: no special abilities


You were on level 4 of the Dungeon.
You visited 1 branch of the dungeon, and saw 5 of its levels.

You collected 216 gold pieces.

Inventory:

Hand Weapons
 b - a +0 long sword of venom (weapon)
Missiles
 d - 14 poisoned darts (quivered)
 e - a curare-tipped dart
Armour
 a - a +0 ring mail (worn)
 c - a +0 cloak (worn)
Jewellery
 h - a +4 ring of slaying (left hand)
Wands
 w - a wand of flame (28)
Scrolls
 i - a scroll of immolation {!r}
 j - a scroll of enchant armour
 k - a scroll of fog
 l - 2 scrolls of teleportation
 m - a scroll of poison {unknown}
 n - a scroll of amnesia {unknown}
 o - a scroll of fear {unknown}
 q - 2 scrolls of vulnerability {!r}
Potions
 f - a potion of attraction {unknown}
 g - a potion of mutation {!q}
 p - a potion of lignification {unknown}
 r - a potion of degeneration {!q}
 s - 2 potions of curing {unknown}
 u - a potion of haste {unknown}
 v - a potion of brilliance {unknown}


   Skills:
 - Level 5.0 Fighting
 - Level 2.1(5.3) Short Blades
 + Level 8.4(8.6) Long Blades
 - Level 0.2 Axes
 - Level 2.0 Throwing
 - Level 1.2 Dodging
 - Level 3.2 Stealth


You had 6 spell levels left.
You didn't know any spells.
Your spell library contained the following spells:

 Spells                   Type           Power      Damage    Failure   Level
 Apportation              Tloc           0%         N/A       69%         1
 Freeze                   Ice            0%         1d3       69%         1
 Slow                     Hex            0%         N/A       69%         1
 Blink                    Tloc           0%         N/A       83%         2
 Lesser Beckoning         Tloc           0%         N/A       83%         2
 Momentum Strike          Conj/Tloc      0%         3d8       83%         2
 Scorch                   Fire           0%         2d5       83%         2
 Confusing Touch          Hex            0%         N/A       96%         3
 Frozen Ramparts          Ice            0%         1d1       96%         3
 Hailstorm                Conj/Ice       0%         3d3       96%         3
 Vampiric Draining        Necr           0%         2d6       96%         3
 Flame Wave               Conj/Fire      0%         2d4       100%        4
 Alistair's Intoxication  Tmut/Pois      0%         N/A       100%        5
 Summon Cactus Giant      Summ           0%         N/A       100%        6


Dungeon Overview and Level Annotations

Branches:
Dungeon (5/15)
 Temple: D:4-7

Altars:
Gozag
Trog

Shops:
D:2 [

Annotations:
D:4 Pikel


Innate Abilities, Weirdness & Mutations

You have a pair of horns on your head.
You reflexively headbutt those who attack you in melee.
You are agile. (Dex +4, Str/Int -1)
Your mind is acute. (Int +4, Str/Dex -1)


Message History

You climb upwards.
There is a stone staircase leading down here.
The lemure hits you but does no damage. The lemure attacks as you move away!
The lemure hits you. Pikel attacks as you move away!
Pikel hits you but does no damage.
You are electrocuted!
The lemure attacks as you move away! The lemure closely misses you.
You furiously retaliate!
You headbutt the lemure!
There is a stone staircase leading up here.
The lemure attacks as you move away! The lemure completely misses you.
It was a potion of mutation.
You feel extremely strange.
You feel clever.
You feel agile. The lemure barely misses you.
You barely miss the lemure.
The lemure is almost dead.
The lemure hits you!
You closely miss the lemure. You headbutt the lemure.
You kill the lemure!
That felt strangely unrewarding.
You hit Pikel.
Pikel is poisoned.
You headbutt Pikel!
Pikel is moderately wounded.
Pikel waves his whip at you.
Pikel hits you with a +2 whip of electrocution!
Okay, then.
Throw: 2 darts (curare)
Press: ? - help, Shift-Dir - straight line, f - Pikel
Aim: Pikel, wielding a +2 whip of electrocution and wearing a +2 robe of cold resistance (moderately wounded, very poisoned, 60% to hit)
You throw a curare-tipped dart.
The curare-tipped dart closely misses Pikel.
Pikel says, "You'll make a fine lemure."
Pikel hits you with a +2 whip of electrocution!
* * * LOW HITPOINT WARNING * * *
Pikel attacks as you move away!
Pikel hits you with a +2 whip of electrocution!
* * * LOW HITPOINT WARNING * * *
It was a potion of degeneration.
There was something very wrong with that liquid.
You feel weakened.
You feel dopey.
You feel clumsy.
Pikel hits you with a +2 whip of electrocution!
* * * LOW HITPOINT WARNING * * *
You are electrocuted!
You die...

.....## #.# ......### ###.#
........## ##..######
.........# #.......(##
.........# #.........##
........### #.....(....##
..........### ##..........##
............## #...........#
.............#####...........#
...............#..<..........#
#
................@K#.......>.##
#
.......).......####.....[...#
## .......).......##
##.......## ##.
.......)........# ##......#
#.. ................##
#.....## ##..
.......##........# ##...##
##... ......##.........# #...#
##.... ......##........##
##.)###..... ..##..........###
##......... #####.......###
##..##.... ###...###
#######.#######


You could see Pikel (very poisoned).

Vanquished Creatures
  An ogre (D:4)
  A phantom (D:4)
  A lemure (D:4)
  3 scorpions
  2 jellies (D:4)
  2 orc priests (D:4)
  3 orc wizards (D:4)
  An adder (D:2)
  4 gnolls (D:4)
  2 worms (D:3)
  3 dart slugs
  12 orcs
  5 bats
  7 endoplasms
  4 giant cockroaches
  7 goblins
  6 hobgoblins
  A quokka (D:3)
  8 ball pythons
  3 frilled lizards
  8 kobolds
  3 rats
87 creatures vanquished.

Notes
Turn   | Place    | Note
-------+----------+-------------------------------------------
     0 | D:1      | Kenran the Minotaur Brigand began the quest for the Orb.
     0 | D:1      | Reached XP level 1. HP: 18/18 MP: 0/0
    14 | D:1      | Noticed an electric eel
   166 | D:1      | Reached XP level 2. HP: 26/26 MP: 1/1
   354 | D:1      | Reached XP level 3. HP: 29/33 MP: 2/2
   839 | D:2      | Found Ocvyn's Antique Armour Shoppe.
  1400 | D:2      | Reached skill level 5 in Fighting
  1904 | D:3      | Reached skill level 1 in Long Blades
  1904 | D:3      | Reached XP level 4. HP: 23/42 MP: 3/3
  2487 | D:4      | Noticed a scorpion
  2494 | D:3      | Killed a scorpion
  2495 | D:3      | Reached skill level 3 in Long Blades
  2495 | D:3      | Reached XP level 5. HP: 48/48 MP: 4/4
  2509 | D:4      | Reached skill level 4 in Long Blades
  2581 | D:4      | Reached skill level 5 in Long Blades
  2740 | D:4      | Noticed a phantom
  2759 | D:4      | Killed a phantom
  2760 | D:4      | Reached skill level 6 in Long Blades
  2760 | D:4      | Reached XP level 6. HP: 48/56 MP: 5/5
  2813 | D:4      | Found a bloodstained altar of Trog.
  2820 | D:4      | Found an opulent altar of Gozag.
  2935 | D:4      | Reached skill level 7 in Long Blades
  2991 | D:4      | Reached XP level 7. HP: 47/61 MP: 6/6
  3562 | D:4      | Reached skill level 8 in Long Blades
  3636 | D:5      | Entered Level 5 of the Dungeon
  3638 | D:5      | Noticed Pikel
  3662 | D:4      | Gained mutation: Your mind is acute. (Int +4, Str/Dex -1)
                  | [potion of mutation]
  3662 | D:4      | Gained mutation: You are agile. (Dex +4, Str/Int -1)
                  | [potion of mutation]
  3668 | D:4      | HP: 2/61 [Pikel/+2 whip of electrocution (8)]
  3668 | D:4      | Demolished by Pikel

Illustrated notes

Levels and vault maps discovered:
D:1:      arrival_aquarium_a, layout_rooms, chequers_serial_rivers_micro_b,
          serial_park_tiny_pond
D:2:      layout_loops_corners, serial_shops, nicolae_shop_hallway_plus
D:3:      layout_loops_ring
D:4:      layout_cave_pods, mainiacjoe_overflow_large_starburst
D:5:      layout_rooms, nicolae_overflow_hidden_temple, uniq_pikel

Skill      XL: |  1  2  3  4  5  6  7 |
---------------+----------------------+-----
Fighting       | 3 4 5 |  5.0
Long Blades    | 1 3 6 7 8 |  8.4
Short Blades   | |  2.1
Axes           | |  0.2
Throwing       | |  2.0
Dodging        | |  1.2
Stealth        | |  3.2

Action                     |  1- 3 |  4- 6 |  7- 9 || total
---------------------------+-------+-------+-------++-------
  Melee: Dagger            |    85 |       |       ||    85
         Headbutt          |    13 |    11 |     8 ||    32
         Long sword        |    10 |    49 |    33 ||    92
         War axe           |     9 |       |       ||     9
         Punch             |       |       |     1 ||     1
  Throw: Dart              |       |     1 |     1 ||     2
    Use: Scroll            |     2 |     2 |     1 ||     5
         Potion            |       |       |     2 ||     2
   Stab: Sleeping          |    12 |       |       ||    12
 Armour: Robe              |    21 |       |       ||    21
         Ring mail         |       |    19 |    14 ||    33
  Dodge: Dodged            |    46 |    22 |    15 ||    83

Table legend: (Time is in decaauts)
 A = Elapsed time spent in this place.
 B = Non-inter-level travel time spent in this place.
 C = Inter-level travel time spent in this place.
 D = Time resting spent in this place.
 E = Time spent auto-exploring this place.
 F = Levels seen in this place.
 G = Mean time per level.
                   A        B        C        D        E       F      G
               +--------+--------+--------+--------+--------+-----+--------+
         Total |   3675 |   3425 |    250 |    293 |   1406 |   5 |  735.0 |
       Dungeon |   3675 |   3425 |    250 |    293 |   1406 |   5 |  735.0 |
               +--------+--------+--------+--------+--------+-----+--------+

Top non-repeatable levels by time:
     D:4: 1232 daAuts
     D:2: 908 daAuts
     D:3: 794 daAuts
     D:1: 725 daAuts
     D:5: 15 daAuts
